% Time on Ice - LAS VEGAS LIZARD KINGS
Lines # - Real PCT - Wanted PCT - Time Play
Normal Forward
1 - 37% - 40% - 19:59
2 - 35% - 35% - 18:49
3 - 19% - 20% - 10:17
4 - 8% - 5% - 4:22
Normal Defense
1 - 38% - 43% - 20:11
2 - 35% - 42% - 18:48
3 - 26% - 15% - 13:50
4 - 1% - 0% - 0:38
PP Forward
1 - 52% - 70% - 2:23
2 - 48% - 30% - 2:11
PP Defense
1 - 65% - 70% - 2:59
2 - 35% - 30% - 1:35
PK Forward
1 - 73% - 65% - 1:27
2 - 27% - 35% - 0:32
PK Defense
1 - 50% - 60% - 1:00
2 - 50% - 40% - 0:59
PK3 Forward
1 - 0% - 55%
2 - 0% - 45%
PK3 Defense
1 - 0% - 50%
2 - 0% - 50%
44 Forward
1 - 0% - 55%
2 - 0% - 45%
44 Defense
1 - 0% - 55%
2 - 0% - 45%
Last Minute Offensive  - 0:00
Last Minute Defensive  - 0:00
Total
Forward - 60:00
Defense - 60:00
% Time on Ice - BOISE CARIBOUS
Lines # - Real PCT - Wanted PCT - Time Play
Normal Forward
1 - 28% - 28% - 15:02
2 - 29% - 28% - 15:20
3 - 25% - 25% - 13:07
4 - 19% - 19% - 9:58
Normal Defense
1 - 36% - 36% - 19:26
2 - 34% - 34% - 17:55
3 - 24% - 23% - 13:03
4 - 6% - 7% - 3:03
PP Forward
1 - 45% - 55% - 0:54
2 - 55% - 45% - 1:05
PP Defense
1 - 55% - 55% - 1:05
2 - 45% - 45% - 0:54
PK Forward
1 - 79% - 60% - 3:36
2 - 21% - 40% - 0:58
PK Defense
1 - 75% - 55% - 3:26
2 - 25% - 45% - 1:08
PK3 Forward
1 - 0% - 55%
2 - 0% - 45%
PK3 Defense
1 - 0% - 55%
2 - 0% - 45%
44 Forward
1 - 0% - 55%
2 - 0% - 45%
44 Defense
1 - 0% - 55%
2 - 0% - 45%
Last Minute Offensive  - 0:00
Last Minute Defensive  - 0:00
Total
Forward - 60:00
Defense - 60:00
Play-by-Play 1st period 0:01 of 1st period - Sean Monahan wins face-off versus Radek Faksa in neutral zone. 0:04 of 1st period - Shot by Sean Monahan. 0:04 of 1st period - Stopped by Alex Stalock with a rebound. 0:08 of 1st period - Shot by Nino Niederreiter. 0:08 of 1st period - Goal by Nino Niederreiter - LAS VEGAS LIZARD KINGS : 1 - BOISE CARIBOUS : 0. 0:09 of 1st period - Ryan Nugent-Hopkins wins face-off versus Jesperi Kotkaniemi in neutral zone. 0:38 of 1st period - Shot by Joel Armia. 0:38 of 1st period - Deflect By Ryan Nugent-Hopkins. 0:38 of 1st period - Shot Misses the Net. 0:40 of 1st period - Shot by Joel Armia. 0:40 of 1st period - Deflect By Ryan Nugent-Hopkins. 0:40 of 1st period - Shot Misses the Net. 0:54 of 1st period - Shot by Ryan Nugent-Hopkins. 0:54 of 1st period - Stopped by Alex Stalock without a rebound. 0:55 of 1st period - Sean Monahan wins face-off versus Darren Helm in BOISE CARIBOUS zone. 0:55 of 1st period - Sean Monahan is hit by Brendan Smith. 1:03 of 1st period - Shot by Brent Burns. 1:03 of 1st period - Shot Blocked by Brendan Smith. 1:28 of 1st period - Icing by Mike Reilly. 1:29 of 1st period - Kyle Turris wins face-off versus Mike Ferland in BOISE CARIBOUS zone. 1:36 of 1st period - Shot by Kyle Turris. 1:36 of 1st period - Deflect By Darren Helm. 1:36 of 1st period - Shot Blocked by Alex Petrovic. 1:38 of 1st period - Shot by Darren Helm. 1:38 of 1st period - Deflect By Kyle Turris. 1:38 of 1st period - Shot Misses the Net. 1:40 of 1st period - Shot by Darren Helm. 1:40 of 1st period - Deflect By Kyle Turris. 1:40 of 1st period - Stopped by Marc-Andre Fleury with a rebound. 2:18 of 1st period - Shot by Thomas Vanek. 2:18 of 1st period - Stopped by Marc-Andre Fleury without a rebound. 2:19 of 1st period - Sean Monahan wins face-off versus Mario Kempe in LAS VEGAS LIZARD KINGS zone. 2:38 of 1st period - Shot by Sean Monahan. 2:38 of 1st period - Deflect By Johnny Gaudreau. 2:38 of 1st period - Shot Misses the Net. 2:40 of 1st period - Shot by Sean Monahan. 2:40 of 1st period - Shot Misses the Net. 2:54 of 1st period - Shot by Melker Karlsson. 2:54 of 1st period - Stopped by Marc-Andre Fleury without a rebound. 2:55 of 1st period - Radek Faksa wins face-off versus Ryan Nugent-Hopkins in LAS VEGAS LIZARD KINGS zone. 3:04 of 1st period - Shot by Danny DeKeyser. 3:04 of 1st period - Shot Blocked by Ryan Nugent-Hopkins. 3:40 of 1st period - Shot by Ryan Nugent-Hopkins. 3:40 of 1st period - Shot Misses the Net. 3:54 of 1st period - Shot by Jason Pominville. 3:54 of 1st period - Stopped by Alex Stalock with a rebound. 4:18 of 1st period - Shot by Evan Rodrigues. 4:18 of 1st period - Stopped by Alex Stalock with a rebound. 4:21 of 1st period - Evan Rodrigues is hit by Brendan Smith and loses puck. 4:27 of 1st period - Jason Pominville is hit by Brendan Smith. 4:37 of 1st period - Shot by Sean Monahan. 4:37 of 1st period - Stopped by Alex Stalock without a rebound. 4:38 of 1st period - Mario Kempe wins face-off versus Sean Monahan in BOISE CARIBOUS zone. 4:50 of 1st period - Off-side. 4:51 of 1st period - Ryan Nugent-Hopkins wins face-off versus Darren Helm in neutral zone. 4:54 of 1st period - Nick Leddy is hit by Joel Armia and loses puck. 5:20 of 1st period - Icing by Kyle Turris. 5:21 of 1st period - Kyle Turris wins face-off versus Sean Monahan in BOISE CARIBOUS zone. 5:49 of 1st period - Shot by Sean Monahan. 5:49 of 1st period - Shot Misses the Net. 5:52 of 1st period - Icing by Nick Leddy. 5:53 of 1st period - Kyle Turris wins face-off versus Derek Ryan in BOISE CARIBOUS zone. 6:29 of 1st period - Icing by Tom Wilson. 6:30 of 1st period - Jesperi Kotkaniemi wins face-off versus Sean Monahan in BOISE CARIBOUS zone. 7:20 of 1st period - Brayden McNabb is hit by Mike Reilly and loses puck. 7:32 of 1st period - Icing by Mike Reilly. 7:33 of 1st period - Jesperi Kotkaniemi wins face-off versus Ryan Nugent-Hopkins in BOISE CARIBOUS zone. 8:17 of 1st period - Shot by Ryan Nugent-Hopkins. 8:17 of 1st period - Shot Misses the Net. 8:28 of 1st period - Brian Boyle is hit by Jaycob Megna and loses puck. 8:46 of 1st period - Mike Ferland is hit by Danny DeKeyser and loses puck. 8:58 of 1st period - Mike Ferland is hit by Danny DeKeyser and loses puck. 9:17 of 1st period - Sean Monahan is hit by Danny DeKeyser and loses puck. 9:20 of 1st period - Shot by Brayden McNabb. 9:20 of 1st period - Stopped by Alex Stalock without a rebound. 9:21 of 1st period - Sean Monahan wins face-off versus Radek Faksa in BOISE CARIBOUS zone. 9:22 of 1st period - Shot by Johnny Gaudreau. 9:22 of 1st period - Shot Blocked by Connor Brown. 9:40 of 1st period - Shot by Radek Faksa. 9:40 of 1st period - Stopped by Marc-Andre Fleury with a rebound. 9:58 of 1st period - Shot by Connor Brown. 9:58 of 1st period - Goal by Connor Brown - LAS VEGAS LIZARD KINGS : 1 - BOISE CARIBOUS : 1. 9:59 of 1st period - Kyle Turris wins face-off versus Ryan Nugent-Hopkins in neutral zone. 10:12 of 1st period - Shot by Kyle Turris. 10:12 of 1st period - Deflect By Andre Burakovsky. 10:12 of 1st period - Stopped by Marc-Andre Fleury with a rebound. 11:09 of 1st period - Shot by Barclay Goodrow. 11:09 of 1st period - Shot Blocked by Greg Pateryn. 11:35 of 1st period - Shot by Sean Monahan. 11:35 of 1st period - Shot Blocked by Greg Pateryn. 11:37 of 1st period - Shot by Nick Jensen. 11:37 of 1st period - Stopped by Alex Stalock without a rebound. 11:38 of 1st period - Radek Faksa wins face-off versus Sean Monahan in BOISE CARIBOUS zone. 12:46 of 1st period - Minor Penalty to Alex Petrovic for Hooking. 12:47 of 1st period - Jesperi Kotkaniemi wins face-off versus Derek Ryan in LAS VEGAS LIZARD KINGS zone. 12:52 of 1st period - Shot by Brian Boyle. 12:52 of 1st period - Stopped by Marc-Andre Fleury without a rebound. 12:53 of 1st period - Joel Armia wins face-off versus Brian Boyle in LAS VEGAS LIZARD KINGS zone. 13:01 of 1st period - Icing by Will Butcher. 13:02 of 1st period - Derek Ryan wins face-off versus Jesperi Kotkaniemi in BOISE CARIBOUS zone. 13:46 of 1st period - Derek Ryan is hit by Andre Burakovsky and loses puck. 15:35 of 1st period - Icing by Brendan Smith. 15:36 of 1st period - Evan Rodrigues wins face-off versus Kyle Turris in BOISE CARIBOUS zone. 16:55 of 1st period - Shot by Ryan Nugent-Hopkins. 16:55 of 1st period - Goal by Ryan Nugent-Hopkins - LAS VEGAS LIZARD KINGS : 2 - BOISE CARIBOUS : 1. 16:56 of 1st period - Radek Faksa wins face-off versus Sean Monahan in neutral zone. 17:05 of 1st period - Shot by Thomas Vanek. 17:05 of 1st period - Stopped by Marc-Andre Fleury without a rebound. 17:06 of 1st period - Sean Monahan wins face-off versus Jesperi Kotkaniemi in LAS VEGAS LIZARD KINGS zone. 17:31 of 1st period - Shot by Tom Wilson. 17:31 of 1st period - Goal by Tom Wilson - LAS VEGAS LIZARD KINGS : 2 - BOISE CARIBOUS : 2. 17:32 of 1st period - Radek Faksa wins face-off versus Joel Armia in neutral zone. 17:43 of 1st period - Shot by Ryan Nugent-Hopkins. 17:43 of 1st period - Stopped by Alex Stalock without a rebound. 17:44 of 1st period - Derek Ryan wins face-off versus Lawson Crouse in BOISE CARIBOUS zone. 18:44 of 1st period - Thomas Vanek is hit by Matt Niskanen and loses puck. 18:55 of 1st period - Shot by Joel Armia. 18:55 of 1st period - Deflect By Ryan Nugent-Hopkins. 18:55 of 1st period - Shot Blocked by Greg Pateryn. 18:57 of 1st period - Shot by Ryan Nugent-Hopkins. 18:57 of 1st period - Shot Misses the Net. 19:30 of 1st period - Icing by Thomas Vanek. 19:31 of 1st period - Radek Faksa wins face-off versus Sean Monahan in BOISE CARIBOUS zone. 19:31 of 1st period - Radek Faksa is hit by Nino Niederreiter. 19:38 of 1st period - Icing by Nick Leddy. 19:39 of 1st period - Sean Monahan wins face-off versus Radek Faksa in BOISE CARIBOUS zone. 19:51 of 1st period - Shot by Sean Monahan. 19:51 of 1st period - Stopped by Alex Stalock with a rebound. Goals for this period are 2 for LAS VEGAS LIZARD KINGS vs 2 for BOISE CARIBOUS. Shots for this period are 11 for LAS VEGAS LIZARD KINGS vs 9 for BOISE CARIBOUS. 2nd period 0:01 of 2nd period - Ryan Nugent-Hopkins wins face-off versus Jesperi Kotkaniemi in neutral zone. 0:01 of 2nd period - Ryan Nugent-Hopkins is hit by Tom Wilson. 0:08 of 2nd period - Icing by Matt Niskanen. 0:09 of 2nd period - Kyle Turris wins face-off versus Ryan Nugent-Hopkins in LAS VEGAS LIZARD KINGS zone. 0:24 of 2nd period - Shot by Darren Helm. 0:24 of 2nd period - Stopped by Marc-Andre Fleury without a rebound. 0:25 of 2nd period - Sean Monahan wins face-off versus Jesperi Kotkaniemi in LAS VEGAS LIZARD KINGS zone. 0:40 of 2nd period - Icing by Tom Wilson. 0:41 of 2nd period - Jesperi Kotkaniemi wins face-off versus Ryan Nugent-Hopkins in BOISE CARIBOUS zone. 1:04 of 2nd period - Shot by Brian Boyle. 1:04 of 2nd period - Stopped by Marc-Andre Fleury without a rebound. 1:05 of 2nd period - Sean Monahan wins face-off versus Radek Faksa in LAS VEGAS LIZARD KINGS zone. 1:44 of 2nd period - Shot by Connor Brown. 1:44 of 2nd period - Shot Blocked by Brent Burns. 1:46 of 2nd period - Shot by Connor Brown. 1:46 of 2nd period - Shot Misses the Net. 1:59 of 2nd period - Off-side. 2:00 of 2nd period - Ryan Nugent-Hopkins wins face-off versus Jesperi Kotkaniemi in neutral zone. 2:35 of 2nd period - Shot by Ryan Nugent-Hopkins. 2:35 of 2nd period - Shot Misses the Net. 2:37 of 2nd period - Shot by Matt Niskanen. 2:37 of 2nd period - Stopped by Alex Stalock without a rebound. 2:38 of 2nd period - Barclay Goodrow wins face-off versus Kyle Turris in BOISE CARIBOUS zone. 3:11 of 2nd period - Shot by Derek Ryan. 3:11 of 2nd period - Stopped by Alex Stalock without a rebound. 3:12 of 2nd period - Sean Monahan wins face-off versus Mario Kempe in BOISE CARIBOUS zone. 4:24 of 2nd period - Shot by Ryan Nugent-Hopkins. 4:24 of 2nd period - Shot Misses the Net. 5:45 of 2nd period - Off-side. 5:46 of 2nd period - Sean Monahan wins face-off versus Radek Faksa in neutral zone. 6:00 of 2nd period - Radek Faksa is hit by Brayden McNabb and loses puck. 6:15 of 2nd period - Shot by Thomas Vanek. 6:15 of 2nd period - Shot Blocked by Brent Burns. 6:17 of 2nd period - Shot by Radek Faksa. 6:17 of 2nd period - Shot Misses the Net. 6:19 of 2nd period - Shot by Thomas Vanek. 6:19 of 2nd period - Goal by Thomas Vanek - LAS VEGAS LIZARD KINGS : 2 - BOISE CARIBOUS : 3. 6:20 of 2nd period - Kyle Turris wins face-off versus Ryan Nugent-Hopkins in neutral zone. 6:29 of 2nd period - Shot by Kyle Turris. 6:29 of 2nd period - Shot Misses the Net. 6:34 of 2nd period - Icing by Ryan Nugent-Hopkins. 6:35 of 2nd period - Ryan Nugent-Hopkins wins face-off versus Jesperi Kotkaniemi in LAS VEGAS LIZARD KINGS zone. 6:35 of 2nd period - Bobby Ryan is hit